 Dungeon Crawl Stone Soup version 0.29-a0-542-g075992c915 (webtiles) character file.

Game seed: 3807381967777112748

4893 MeArio the Protected (level 10, -3/94 HPs)
             Began as a Minotaur Fighter on June 3, 2022.
             Killed by divine providence
             ... invoked by an orc priest
              (15 damage)
             ... on level 7 of the Dungeon.
             The game lasted 00:16:39 (7512 turns).

MeArio the Protected (Minotaur Fighter)             Turns: 7512, Time: 00:16:40

Health: -3/94      AC: 25    Str: 26    XL:     10   Next: 26%
Magic:  9/9        EV:  7    Int:  5    God:
Gold:   464        SH:  7    Dex: 15    Spells: 9/9 levels left

rFire   . . .      SeeInvis +   a - +0 long sword
rCold   + + .      Faith    .   c - +0 buckler
rNeg    + . .      Spirit   .   o - +0 plate armour
rPois   .          Reflect  .   l - +2 hat
rElec   .          Harm     .   B - +2 cloak {rCorr}
rCorr   +          Rampage  .   f - +2 pair of gloves
Will    .....                   (no boots)
Stlth   ..........              (no amulet)
HPRegen 0.25/turn               j - ring of see invisible
MPRegen 0.11/turn               h - ring "Ocej" {rC++ rN+ Dex+6 Stlth-}

@: mighty
A: horns 2, retaliatory headbutt
a: no special abilities


You were on level 7 of the Dungeon.
You visited 1 branch of the dungeon, and saw 7 of its levels.

You collected 464 gold pieces.

Inventory:

Hand Weapons
 a - a +0 long sword (weapon)
Missiles
 n - 2 atropa-tipped darts (quivered)
 u - 2 throwing nets
Armour
 c - a +0 buckler (worn)
 f - a +2 pair of gloves (worn)
 l - a +2 hat (worn)
 o - a +0 plate armour (worn)
 B - a +2 cloak of preservation (worn)
Jewellery
 h - the ring "Ocej" (right hand) {rC++ rN+ Dex+6 Stlth-}
   (You acquired it on level 7 of the Dungeon)

   [ring of dexterity]

   Dex:       It affects your dexterity (+6).
   rC:        It greatly protects you from cold.
   rN:        It protects you from negative energy.
   Stlth:     It makes you less stealthy.
 j - a ring of see invisible (left hand)
 r - a ring of magical power
 x - a ring of protection from cold
Wands
 s - a wand of charming (13)
 y - a wand of flame (19)
 A - a wand of polymorph (7)
Scrolls
 e - 2 scrolls of fog
 m - 3 scrolls of teleportation
 q - a scroll of vulnerability
 t - a scroll of summoning
 C - 2 scrolls of identify
Potions
 b - a potion of degeneration {unknown}
 i - a potion of cancellation
 k - a potion of curing
 p - 2 potions of resistance
 v - 2 potions of lignification {unknown}
 w - 3 potions of mutation
 z - 2 potions of brilliance


   Skills:
 + Level 10.4 Fighting
 + Level 10.0 Long Blades
 * Level 13.8 Armour
 + Level 10.3 Shields


You had 9 spell levels left.
You didn't know any spells.
Your spell library contained the following spells:

 Spells                   Type           Power      Damage    Failure   Level
 Ensorcelled Hibernation  Hex/Ice        0%         N/A       100%        2
 Passwall                 Tmut/Erth      0%         N/A       100%        2
 Swiftness                Air            0%         N/A       100%        3
 Summon Ice Beast         Ice/Summ       0%         N/A       100%        4
 Summon Mana Viper        Hex/Summ       0%         N/A       100%        5
 Monstrous Menagerie      Summ           0%         N/A       100%        7


Dungeon Overview and Level Annotations

Branches:
Dungeon (7/15)
 Temple: D:4-7

Altars:
Cheibriados
Kikubaaqudgha
Makhleb
Qazlal
Trog
Vehumet

Annotations:
D:4 2 runed translucent doors, MeArio's ghost, amateur MiFi


Innate Abilities, Weirdness & Mutations

You have a pair of horns on your head.
You reflexively headbutt those who attack you in melee.


Message History

You closely miss the hornet.
The hornet is severely wounded.
The hornet stings you.
* * * LOW HITPOINT WARNING * * *
You are poisoned.
You feel as though you will be slow longer.
The hornet barely misses you. You furiously retaliate!
You headbutt the hornet. You slash the hornet!
You kill the hornet!
You feel very sick.
The orc warrior hits you but does no damage.
You feel better.
The orc warrior hits you with a +0 mace.
* * * LOW HITPOINT WARNING * * *
You slash the orc warrior!
The orc warrior is moderately wounded.
The orc warrior hits you but does no damage.
You block the orc warrior's attack.
You hit the orc warrior.
The orc warrior is heavily wounded.
You feel yourself speed up.
The orc warrior hits you but does no damage.
You closely miss the orc warrior.
The orc warrior is heavily wounded.
The orc warrior hits you but does no damage.
You slash the orc warrior!
The orc warrior is almost dead.
The orc warrior hits you with a +0 mace.
* * * LOW HITPOINT WARNING * * *
You slash the orc warrior!
You kill the orc warrior!
You slash the orc wizard!
The orc wizard is severely wounded.
The orc wizard barely misses you. You furiously retaliate!
You headbutt the orc wizard. You closely miss the orc wizard.
You headbutt the orc wizard.
You kill the orc wizard!
The orc priest mumbles some strange prayers to Beogh against you.
Beogh smites you!
You die...

############### ####
#.............>
.....#..............
...+..............
.................
###.^.........####
##.##..........#
#..[#......#####
##@##..)...#
#)###'#...#
#o##..##..#####
#Ko:K#'....#......#
#.$(.o##....#......#
#.....###..##......#
#.$...#.####.......#
##..?##............#
.#####.............#


You could see a kobold brigand, an orc priest and an orc.

Vanquished Creatures
  2 hornets
  Sigmund (D:4)
  A wyvern (D:7)
  4 yaks (D:5)
  A water moccasin (D:7)
  2 orc warriors (D:7)
  2 ice beasts
  2 black bears
  2 ogres
  A centaur (D:6)
  A phantom (D:6)
  2 bullfrogs (D:7)
  A scorpion (D:6)
  An electric eel (D:6)
  2 jellies
  2 orc priests
  Crazy Yiuf (D:5)
  2 gnoll shamans
  5 hounds
  5 iguanas
  Ijyb (D:3)
  3 orc wizards (D:7)
  10 adders
  12 gnolls
  3 white imps (D:7)
  3 worms
  A dart slug (D:1)
  21 orcs
  11 endoplasms
  4 goblins
  2 hobgoblins
  9 kobolds
  8 quokkas
  12 ball pythons
  7 bats
  4 frilled lizards
  3 rats
154 creatures vanquished.

Vanquished Creatures (others)
  An orc wizard (D:3)
  19 plants (D:4)
20 creatures vanquished.

Grand Total: 174 creatures vanquished

Notes
Turn   | Place    | Note
-------+----------+-------------------------------------------
     0 | D:1      | MeArio the Minotaur Fighter began the quest for the Orb.
     0 | D:1      | Reached XP level 1. HP: 19/19 MP: 0/0
   419 | D:1      | Reached XP level 2. HP: 26/27 MP: 1/1
  1219 | D:2      | Reached skill level 4 in Armour
  1219 | D:2      | Reached XP level 3. HP: 33/33 MP: 2/2
  1544 | D:2      | Found a snail-covered altar of Cheibriados.
  1663 | D:2      | Reached XP level 4. HP: 32/41 MP: 3/3
  2198 | D:3      | Found a snail-covered altar of Cheibriados.
  2495 | D:3      | Reached XP level 5. HP: 44/47 MP: 4/4
  2674 | D:3      | Reached skill level 5 in Armour
  2760 | D:3      | Found a radiant altar of Vehumet.
  3230 | D:3      | Noticed Ijyb
  3242 | D:3      | Killed Ijyb
  3557 | D:4      | Reached skill level 10 in Armour
  3557 | D:4      | Reached XP level 6. HP: 61/61 MP: 5/5
  3616 | D:4      | Found a burning altar of Makhleb.
  3623 | D:4      | Reached XP level 7. HP: 68/68 MP: 6/6
  3635 | D:4      | Identified the +2 ring mail of the Bells {Harm rN+ Str+3}
  3774 | D:4      | Found a stormy altar of Qazlal.
  4022 | D:4      | Noticed Sigmund
  4023 | D:4      | Found a large runed translucent door.
  4026 | D:4      | Found a large runed translucent door.
  4039 | D:4      | Killed Sigmund
  4068 | D:4      | Noticed MeArio's ghost (amateur MiFi)
  4300 | D:4      | Identified the +5 ring mail of Burnt Fun {rF+ rCorr Str-3
                  | SInv}
  4746 | D:5      | Entered Level 5 of the Dungeon
  4764 | D:5      | Reached skill level 11 in Armour
  4764 | D:5      | Reached XP level 8. HP: 75/75 MP: 7/7
  4947 | D:5      | Noticed a hornet
  4964 | D:5      | Paralysed by a hornet for 1 turns
  4968 | D:5      | Killed a hornet
  4976 | D:5      | Reached skill level 10 in Fighting
  4976 | D:5      | Reached skill level 13 in Armour
  4976 | D:5      | Reached XP level 9. HP: 17/85 MP: 8/8
  5406 | D:5      | Reached skill level 10 in Shields
  5729 | D:5      | Found a runed translucent door.
  5730 | D:5      | Noticed Crazy Yiuf
  5856 | D:5      | Killed Crazy Yiuf
  6620 | D:6      | Found a bloodstained altar of Trog.
  6769 | D:6      | Found an ancient bone altar of Kikubaaqudgha.
  7183 | D:7      | Reached XP level 10. HP: 59/93 MP: 9/9
  7426 | D:7      | Identified a scroll of acquirement
  7426 | D:7      | Acquired the ring "Ocej" {rC++ rN+ Dex+6 Stlth-}
  7485 | D:7      | Reached skill level 10 in Long Blades
  7497 | D:7      | Paralysed by a hornet for 2 turns
  7500 | D:7      | Paralysed by a hornet for 1 turns
  7501 | D:7      | HP: 3/94 [hornet (9)]
  7512 | D:7      | Killed from afar by an orc priest

Illustrated notes

Levels and vault maps discovered:
D:1:      elethiomel_arrival_infinity_welcomes_careful_drivers, layout_basic
D:2:      layout_basic, basic_altar, hex_large
D:3:      layout_loops_ring, old_standard_altar, vehumet_altar_wand_db,
          wad_floor_pattern_untrapped, uniq_ijyb
D:4:      layout_loops_ring, mainiacjoe_overflow_boulevard,
          makhleb_heckhound_becter, serial_bayou, serial_bayou_lagoon_b,
          serial_bayou_pond_d, serial_bayou_pond_c, serial_bayou_shore_a,
          ebering_ghost_disaster_area, guppyfry_early_lair_pool, uniq_sigmund
D:5:      layout_loops_ring, uniq_crazy_yiuf_cottage
D:6:      layout_basic, mainiacjoe_overflow_brackets,
          mainiacjoe_overflow_six_doors_small, kennysheep_small_spiral,
          columned_hall_lemuel
D:7:      layout_gridville, general_overflow_altar, zin_purify,
          lemuel_temple_firewalk_a, minmay_joined_circles

Skill      XL: |  1  2  3  4  5  6  7  8  9 10 |
---------------+-------------------------------+-----
Fighting       | 4 8 10 | 10.4
Long Blades    | 3 7 9 10 | 10.0
Armour         | 4 10 11 13 | 13.8
Shields        | 4 8 9 10 | 10.3

Action                   |  1- 3 |  4- 6 |  7- 9 | 10-12 || total
-------------------------+-------+-------+-------+-------++-------
Melee: Long sword        |    91 |   119 |   296 |    72 ||   578
       Headbutt          |    14 |    21 |    58 |    18 ||   111
Throw: Dart              |       |       |     8 |       ||     8
  Use: Scroll            |       |    12 |     3 |     2 ||    17
       Potion            |       |     1 |     3 |     6 ||    10
Armor: Scale mail        |    51 |       |       |       ||    51
       Plate armour      |     1 |    72 |   191 |    42 ||   306
Dodge: Dodged            |    34 |    26 |    89 |    13 ||   162
Block: Buckler           |    16 |    29 |    64 |    22 ||   131

Table legend: (Time is in decaauts)
 A = Elapsed time spent in this place.
 B = Non-inter-level travel time spent in this place.
 C = Inter-level travel time spent in this place.
 D = Time resting spent in this place.
 E = Time spent auto-exploring this place.
 F = Levels seen in this place.
 G = Mean time per level.
                   A        B        C        D        E       F      G
               +--------+--------+--------+--------+--------+-----+--------+
         Total |   7615 |   7339 |    276 |    390 |   5522 |   7 | 1087.9 |
       Dungeon |   7615 |   7339 |    276 |    390 |   5522 |   7 | 1087.9 |
               +--------+--------+--------+--------+--------+-----+--------+

Top non-repeatable levels by time:
     D:4: 1376 daAuts
     D:5: 1375 daAuts
     D:3: 1340 daAuts
     D:1: 1193 daAuts
     D:6: 942 daAuts
     D:2: 937 daAuts
     D:7: 448 daAuts
